Map: Dusk Towers

Players

RuFF - Winner!

  • Race: Terran Terran
  • League: Grandmaster

Jardozer

  • Race: Zerg Zerg
  • League: Grandmaster

VOD

Have the link to the VOD?

Description

Time

  • Played on: Dec. 20, 2015, 6:22 p.m.
  • Length: 7:02
Show
View Real Time Build Order
Export as new Build Order

RuFF Terran - Winner!

Build Orders: 1/1/1, Liberator Opening 

Get SALT Encoding   

  12  0:01  SCV  
  13  0:13  SCV  
  14  0:18  Supply Depot  
  14  0:25  SCV  
  15  0:32  Refinery  
  15  0:40  SCV  
  16  0:44  Barracks  
  16  0:52  SCV  
  17  0:58  Refinery  
  17  1:04  SCV  
  18  1:17  SCV  
  19  1:31  Marine  
  19  1:32  Orbital Command  
  20  1:37  Factory  
  20  1:51  Supply Depot, Marine  
  21  1:58  SCV  
  22  2:09  Marine  
  22  2:13  SCV  
  24  2:22  Starport, Factory Reactor  
  24  2:28  Marine  
  25  2:30  SCV  
  26  2:37  Supply Depot  
  26  2:48  Liberator x2  
  26  2:51  Bunker  
  26  2:57  SCV  
  33  3:09  SCV  
  34  3:21  SCV  
  35  3:30  Command Center  
  35  3:47  Viking  
  35  3:48  Viking  
  39  3:51  Supply Depot  
  39  4:14  SCV  
  39  4:16  Factory Tech Lab  
  40  4:17  Viking  
  40  4:18  Viking  
  44  4:28  SCV  
  45  4:44  SCV  
  45  4:45  Siege Tank  
  49  4:47  Viking  
  49  4:48  Viking  
  50  5:10  SCV  
  50  5:13  Orbital Command  
  51  5:15  Refinery  
  51  5:16  Refinery  
  51  5:17  Viking  
  48  5:43  Viking  
  48  5:45  SCV  
  48  5:47  Viking  
  53  5:51  Command Center  
  53  6:13  Viking  
  53  6:17  Viking  
Show
View Real Time Build Order
Export as new Build Order

Jardozer Zerg 

Build Orders: Hatch First 

Get SALT Encoding   

  12  0:01  Drone  
  13  0:12  Overlord  
  13  0:18  Drone  
  14  0:30  Drone x2  
  14  0:34  Drone  
  17  0:45  Drone  
  18  0:57  Hatchery  
  18  0:59  Drone  
  18  1:07  Drone  
  19  1:12  Extractor  
  18  1:19  Drone  
  18  1:21  Spawning Pool  
  18  1:29  Drone  
  19  1:44  Overlord  
  19  2:01  Drone  
  20  2:08  Queen  
  20  2:09  Queen  
  20  2:10  Drone  
  20  2:12  Zergling x4  
  20  2:14  Metabolic Boost  
  27  2:20  Drone  
  27  2:22  Drone  
  29  2:31  Drone  
  29  2:33  Drone  
  31  2:42  Drone  
  32  2:44  Drone  
  32  2:45  Queen  
  35  2:53  Overlord  
  35  2:54  Drone  
  36  3:02  Overlord  
  36  3:11  Drone  
  37  3:19  Drone x7  
  44  3:22  Lair  
  44  3:24  Queen  
  44  3:26  Drone  
  47  3:30  Drone, Extractor  
  47  3:31  Extractor  
  46  3:36  Extractor  
  46  3:38  Baneling Nest  
  44  3:42  Overlord  
  44  3:45  Overlord  
  44  3:52  Drone x3  
  44  3:54  Drone x2  
  49  3:58  Drone x2  
  52  4:05  Spore Crawler  
  48  4:13  Drone x2  
  46  4:31  Spore Crawler  
  46  4:35  Spire  
  44  4:52  Zergling x8  
  47  4:56  Zergling x2  
  44  5:17  Zergling x2  
  44  5:18  Zergling x2  
  37  5:29  Zergling x4  
  37  5:32  Queen  
  42  5:47  Mutalisk x2  
  46  5:59  Mutalisk  
  48  6:08  Hatchery  
  45  6:13  Mutalisk  
Tags
 
Add a new tag
Caveats
  • Supply blocks, unpowered buildings, or Contaminate may cause inaccurate times.
  • Supply counts are checked every 10 seconds.